 Dungeon Crawl Stone Soup version 0.29-a0-284-gf9362112df (webtiles) character file.

Game seed: 6773893791226947818

26 silky the Cudgeller (level 2, -2/27 HPs)
             Began as a Minotaur Chaos Knight on Mar 30, 2022.
             Was a Plaything of Xom.
             Splashed by a jelly's acid (6 damage)
             ... on level 2 of the Dungeon.
             The game lasted 00:03:13 (1203 turns).

silky the Cudgeller (Minotaur Chaos Knight)         Turns: 1203, Time: 00:03:13

Health: -2/27      AC:  1    Str: 16    XL:     2   Next: 89%
Magic:  1/1        EV:  8    Int:  9    God:    Xom [.*....]
Gold:   87         SH:  6    Dex:  9    Spells: 1/1 levels left

rFire   . . .      SeeInvis .   a - +0 mace (chaos)
rCold   . . .      Faith    .   b - +0 kite shield
rNeg    . . .      Spirit   .   g - +0 ring mail
rPois   .          Reflect  .   (helmet restricted)
rElec   .          Harm     .   (no cloak)
rCorr   .          Rampage  .   (no gloves)
Will    .....                   (no boots)
Stlth   ..........              (no amulet)
HPRegen 0.09/turn               (no ring)
MPRegen 0.07/turn               (no ring)

@: corroded
A: horns 2, retaliatory headbutt
a: Renounce Religion


You were on level 2 of the Dungeon.
You worshipped Xom.
You were a plaything of Xom.
You visited 1 branch of the dungeon, and saw 2 of its levels.

You collected 87 gold pieces.

Inventory:

Hand Weapons
 a - a +0 mace of chaos (weapon)
Armour
 b - a +0 kite shield (worn)
 g - a +0 ring mail (worn)
Scrolls
 d - a scroll of identify {unknown}
 f - 3 scrolls of enchant weapon {unknown}
Potions
 e - a potion of heal wounds {unknown}
Miscellaneous
 c - a piece from Xom's chessboard (15/15) (quivered)


   Skills:
 + Level 4.2 Fighting
 + Level 4.3 Maces & Flails
 + Level 2.5 Armour
 + Level 1.2 Dodging
 + Level 0.1 Stealth


You had one spell level left.
You didn't know any spells.
Your spell library contained the following spells:

 Spells                   Type           Power      Damage    Failure   Level
 Gell's Gravitas          Tloc           0%         N/A       100%        3
 Teleport Other           Tloc           0%         N/A       100%        3
 Dispersal                Tloc           0%         N/A       100%        6


Dungeon Overview and Level Annotations

Branches:
Dungeon (2/15)

Altars:


Innate Abilities, Weirdness & Mutations

You have a pair of horns on your head.
You reflexively headbutt those who attack you in melee.


Message History

You completely miss the goblin. The goblin hits you with a +0 dagger.
The goblin barely misses you.
You closely miss the goblin. The goblin hits you with a +0 dagger.
You hit the goblin.
You kill the goblin!
You see here a +0 dagger.
Found a kite shield.
Found a leather armour.
A kobold comes into view. It is wielding a +0 whip.
The kobold shouts!
You see here a +0 kite shield.
The kobold barely misses you.
You hit the kobold. Lightning courses through the kobold!!
You kill the kobold!
You see here a +0 kite shield.
You start putting on your armour.
You continue putting on your +0 kite shield. x4
You finish putting on your +0 kite shield.
You see here a +0 whip.
You open the door.
There is an open door here.
You see here a +0 whip.
A jelly comes into view.
Found a whip.
A kobold comes into view. It is wielding a +0 whip.
Found a stone staircase leading down.
The kobold throws a stone.
The stone hits you. You block the jelly's attack.
You barely miss the jelly. The jelly hits you. The acid corrodes you!
You are splashed with acid.
The jelly closely misses you. You furiously retaliate!
You headbutt the jelly. You hit the jelly.
Your hands burn!
The jelly is heavily wounded.
The kobold closely misses you. The jelly hits you.
You are splashed with acid!
* * * LOW HITPOINT WARNING * * *
You barely miss the kobold. You block the kobold's attack. The jelly hits you.
* * * LOW HITPOINT WARNING * * *
You are splashed with acid.
You die...
Xom cackles wildly!

#..........# #..........#
+..........+ #..........#
+..........+ #.)........#
..#.....J....# ......K@....>#
...........#.# #
..#####.#.......# #.#..#.##.#
#.#..#.... #.#..#..#
#.#..#..#
#############.#.....#
#...................#########


You could see a jelly and a kobold.

Vanquished Creatures
  An adder (D:2)
  4 bats
  3 endoplasms
  A goblin (D:2)
  3 ball pythons
  A frilled lizard (D:1)
  2 kobolds
  2 rats (D:1)
17 creatures vanquished.

Notes
Turn   | Place    | Note
-------+----------+-------------------------------------------
     0 | D:1      | silky the Minotaur Chaos Knight began the quest for the
                  | Orb.
     0 | D:1      | Reached XP level 1. HP: 19/19 MP: 0/0
   360 | D:1      | XOM: divination: magic mapping
   480 | D:1      | Reached XP level 2. HP: 20/27 MP: 1/1
   668 | D:1      | XOM: silly message
  1026 | D:2      | XOM: god gift: 41 gold pieces
  1203 | D:2      | Splashed by a jelly's acid

Illustrated notes

Levels and vault maps discovered:
D:1:      mrwooster_arrival_statue, layout_basic
D:2:      layout_basic

Skill      XL: |  1  2 |
---------------+-------+-----
Maces & Flails | 4 |  4.3
Fighting       | 4 |  4.2
Armour         | |  2.5
Dodging        | |  1.2
Stealth        | |  0.1

Action                   || total
-------------------------++-------
Melee: Mace              ||    34
       Headbutt          ||     2
Armor: Leather armour    ||    13
       Ring mail         ||     9
Dodge: Dodged            ||    31
Block: Kite shield       ||     2

Table legend: (Time is in decaauts)
 A = Elapsed time spent in this place.
 B = Non-inter-level travel time spent in this place.
 C = Inter-level travel time spent in this place.
 D = Time resting spent in this place.
 E = Time spent auto-exploring this place.
 F = Levels seen in this place.
 G = Mean time per level.
                   A        B        C        D        E       F      G
               +--------+--------+--------+--------+--------+-----+--------+
         Total |   1209 |   1191 |     18 |      0 |    957 |   2 |  604.5 |
       Dungeon |   1209 |   1191 |     18 |      0 |    957 |   2 |  604.5 |
               +--------+--------+--------+--------+--------+-----+--------+

Top non-repeatable levels by time:
     D:1: 981 daAuts
     D:2: 228 daAuts
